 Dungeon Crawl Stone Soup version 0.31-a0-175-g9f7f995f2b (webtiles) character file.

Game seed: 7607883543736117109

16377 qw the Cleaver (level 12, -4/76 HPs)
             Began as a Gargoyle Fighter on June 17, 2023.
             Was an Elder of Okawaru.
             Slain by a seven-headed hydra (12 damage)
             ... on level 2 of the Lair of Beasts.
             The game lasted 00:04:48 (8633 turns).

qw the Cleaver (Gargoyle Fighter)                   Turns: 8633, Time: 00:04:48

Health: -4/76      AC: 28    Str: 24    XL:     12   Next: 36%
Magic:  18/18      EV: 11    Int: 10    God:    Okawaru [****..]
Gold:   655        SH:  7    Dex: 15    Spells: 11/11 levels left

rFire   . . .        q - +0 flail
rCold   . . .        c - +0 buckler
rNeg    + + .        e - +0 plate armour
rPois   inf          t - +0 helmet {SInv}
rElec   +            (no cloak)
rCorr   .            z - +0 pair of gloves
SInv    +            (no boots)
Will    .....        h - amulet of regeneration Stlth
                     v - +6 ring of dexterity
HPRegen 1.12/turn    i - ring of positive energy
MPRegen 0.16/turn

%: no passive effects
@: about to teleport, heroic
A: sickness immunity, AC +8, negative energy resistance 1, electricity
resistance, torment resistance 1, petrification resistance
a: Renounce Religion, Heroism, Finesse


You were on level 2 of the Lair of Beasts.
You worshipped Okawaru.
Okawaru was greatly pleased with you.
You visited 3 branches of the dungeon, and saw 11 of its levels.
You also visited: Gauntlet.

You collected 655 gold pieces.


Innate Abilities, Weirdness & Mutations

You are immune to sickness and miasma.
Your stone body is resilient. (AC +8)
You are immune to poison.
You resist negative energy. (rN+)
You are resistant to electric shocks. (rElec)
You are resistant to unholy torment.
You are immune to petrification.


   Skills:
 - Level 9.3(14.3) Fighting
 - Level 12.0(17.0) Axes
 - Level 3.2(8.2) Throwing
 + Level 8.9(13.9) Armour
 - Level 3.0(8.0) Dodging
 - Level 6.0(11.0) Shields
 + Level 8.6 Invocations


You had 11 spell levels left.
You didn't know any spells.
Your spell library was empty.

Inventory:

Hand Weapons
 q - a +0 flail (weapon)
 Y - a +1 war axe of electrocution
Missiles
 r - 14 boomerangs
 s - 3 javelins (quivered)
Armour
 c - a +0 buckler (worn)
 e - a +0 plate armour (worn)
 t - a +0 helmet of see invisible (worn)
 y - a +0 pair of boots
 z - a +0 pair of gloves (worn)
Jewellery
 h - an amulet of regeneration (around neck)
 i - a ring of positive energy (right hand)
 p - a ring of ice
 v - a +6 ring of dexterity (left hand)
Wands
 u - a wand of digging (12)
Scrolls
 a - a scroll of teleportation
 o - a scroll of identify
Potions
 b - a potion of mutation
 d - a potion of might
 f - a potion of heal wounds
 g - 2 potions of haste
 j - 5 potions of curing
 k - a potion of enlightenment
 l - a potion of cancellation
 m - 2 potions of lignification
 n - a potion of brilliance {unknown}
 w - a potion of magic
 x - a potion of degeneration {unknown}
 A - a potion of resistance {unknown}
 B - a potion of invisibility {unknown}

Dungeon Overview and Level Annotations

Branches:
Dungeon (8/15)             Temple (1/1) D:6            Lair (2/5) D:8
Gauntlet (visited)
  Swamp: Lair:2-3    Shoals: Lair:2-3     Snake: Lair:2-3    Spider: Lair:2-3

Altars:
Cheibriados
Dithmenos
Elyvilon
Fedhas
Hepliaklqana
Kikubaaqudgha
Makhleb
Nemelex Xobeh
Okawaru
Qazlal
Ru
Sif Muna
Trog
Uskayaw
Vehumet
Wu Jian
Xom
Yredelemnul
Zin
The Shining One

Annotations:
D:3 2 runed translucent doors, qw's ghost, amateur GrFi


Message History

q - a +0 flail (weapon)
You block the seven-headed hydra's attack.
The seven-headed hydra bites you but does no damage.
The seven-headed hydra barely misses you.
The seven-headed hydra misses you.
The seven-headed hydra bites you but does no damage.
The seven-headed hydra completely misses you.
The seven-headed hydra bites you but does no damage.
8629 ||| SWAPPING to +1 war axe of electrocution.
You hear the crackle of electricity.
Y - a +1 war axe of electrocution (weapon)
8630 ||| SWAPPING to +0 flail.
Your +1 war axe of electrocution stops crackling.
q - a +0 flail (weapon)
The seven-headed hydra bites you but does no damage. x2
The seven-headed hydra barely misses you.
The seven-headed hydra bites you.
You block the seven-headed hydra's attack.
The seven-headed hydra bites you.
The seven-headed hydra bites you but does no damage.
8631 ||| SWAPPING to +1 war axe of electrocution.
You hear the crackle of electricity.
Y - a +1 war axe of electrocution (weapon)
8632 ||| SWAPPING to +0 flail.
Your +1 war axe of electrocution stops crackling.
q - a +0 flail (weapon)
The seven-headed hydra bites you but does no damage.
The seven-headed hydra bites you!
The seven-headed hydra bites you but does no damage. x3
You block the seven-headed hydra's attack.
The seven-headed hydra closely misses you.
8633 ||| READING 2 scrolls of teleportation.
As you read the scroll of teleportation, it crumbles to dust.
You feel strangely unstable. The seven-headed hydra bites you!
The seven-headed hydra barely misses you.
The seven-headed hydra bites you but does no damage.
The seven-headed hydra barely misses you.
The seven-headed hydra bites you!
You die...

.................#
.##..............#
.##...###.#P#.##.#
.#....###.#####..#
.......#..##P###.#
..#....##....###.#
..#...###........#
..P....##......#.#
......######P###@#
.##.... ####D.#
.......# ....#
........ ......#
................
..(.....P
.####.#.# ###..


You could see a seven-headed hydra.

Vanquished Creatures
  A minotaur (Gauntlet)
  A green death (Gauntlet)
  A catoblepas (Lair:1)
  5 death yaks (Lair:1)
  4 cane toads
  2 minotaur zombies (Gauntlet)
  2 komodo dragons
  Grinder (D:3)
  A hornet (D:8)
  4 blink frogs (Lair:1)
  17 yaks
  5 wyverns
  2 large abominations (Gauntlet)
  2 steam dragons (D:8)
  4 basilisks
  3 swamp worms (Lair:1)
  4 water moccasins
  A swamp drake (D:8)
  2 orc warriors (D:8)
  An ice beast (D:5)
  A sky beast (D:4)
  2 wolves (Lair:2)
  2 phantoms
  3 kobold brigands
  8 bullfrogs
  4 scorpions
  4 wights (D:8)
  4 small abominations (Gauntlet)
  A howler monkey (D:6)
  A gnoll bouda (D:6)
  A jelly (D:7)
  3 orc priests
  4 hounds
  A sleepcap (D:6)
  Jessica (D:3)
  2 iguanas
  2 orc wizards (D:7)
  Robin (D:2)
  5 gnolls (D:6)
  7 adders
  A shadow imp (D:7)
  A white imp (D:6)
  An ufetubus (D:4)
  3 worms
  24 orcs
  7 ball pythons
  4 bats
  10 endoplasms
  4 giant cockroaches
  17 goblins
  12 hobgoblins
  4 jackals (D:1)
  19 kobolds
  3 quokkas
  3 frilled lizards
  8 rats
241 creatures vanquished.

Vanquished Creatures (others)
  A kobold (D:8)
1 creature vanquished.

Grand Total: 242 creatures vanquished

Notes
Turn   | Place    | Note
-------+----------+-------------------------------------------
     0 | D:1      | qw the Gargoyle Fighter began the quest for the Orb.
     0 | D:1      | Reached XP level 1. HP: 14/14 MP: 1/1
     0 | D:1      | 0 ||| qw: Version: 0.3-a-2-g5ab2908
     0 | D:1      | 0 ||| qw: Game counter: 247
     0 | D:1      | 0 ||| qw: Always use a shield: true
     0 | D:1      | 0 ||| qw: God list: Okawaru
     0 | D:1      | 0 ||| qw: Allow faded altars: false
     0 | D:1      | 0 ||| qw: Do Orc after D:15 true
     0 | D:1      | 0 ||| qw: Do second Lair branch before Depths: true
     0 | D:1      | 0 ||| qw: Lair rune preference: random
     0 | D:1      | 0 ||| qw: Plans: Normal, Zot:1-4, Slime:5, God:TSO, Crypt,
                  | Tomb, Abyss, Pan, Hells, Win
     0 | D:1      | 0 ||| PLANNING D:1-11
    58 | D:1      | Reached skill level 2 in Axes
   139 | D:1      | Reached XP level 2. HP: 16/19 MP: 2/2
   185 | D:1      | 185 ||| Stepping ~*~*~tactically~*~*~ (stealth).
   324 | D:1      | Reached skill level 3 in Axes
   354 | D:1      | Reached XP level 3. HP: 23/23 MP: 3/3
   394 | D:1      | 394 ||| DROPPING +0 club.
   409 | D:1      | 409 ||| DROPPING +0 whip.
   525 | D:1      | 525 ||| Stepping ~*~*~tactically~*~*~ (stealth).
   637 | D:1      | 637 ||| Stepping ~*~*~tactically~*~*~ (stealth).
   806 | D:1      | 806 ||| UPGRADING to +0 plate armour.
   816 | D:1      | 816 ||| DROPPING +0 scale mail.
   817 | D:1      | 817 ||| READING 2 scrolls labelled SIURAN SEOFU.
   821 | D:1      | 821 ||| READING scroll labelled GAQUEQ YDIGEA.
   822 | D:1      | 822 ||| READING scroll labelled DIADUN MASI.
   831 | D:2      | Noticed Robin
   839 | D:2      | 839 ||| STAIRDANCE
   900 | D:2      | Killed Robin
   901 | D:2      | Reached XP level 4. HP: 22/28 MP: 4/4
   931 | D:2      | Identified the staff of fire "Jupe" {rF+ Str+3 Int+2}
   986 | D:2      | Reached skill level 4 in Axes
  1451 | D:2      | 1451 ||| UPGRADING to +0 helmet.
  1456 | D:2      | 1456 ||| UPGRADING to amulet of regeneration.
  1461 | D:2      | 1461 ||| DROPPING ring of magical power.
  1462 | D:2      | 1462 ||| DRINKING 2 fuming puce potions.
  1463 | D:2      | 1463 ||| DRINKING 2 fuming black potions.
  1540 | D:3      | Found a runed translucent door.
  1569 | D:3      | 1569 ||| Stepping ~*~*~tactically~*~*~ (hiding).
  1693 | D:3      | Noticed Grinder
  1704 | D:3      | Paralysed by Grinder for 5 turns
  1714 | D:3      | Killed Grinder
  1715 | D:3      | Reached skill level 5 in Axes
  1715 | D:3      | Reached XP level 5. HP: 32/32 MP: 5/5
  1715 | D:3      | Reached XP level 6. HP: 37/37 MP: 6/6
  1742 | D:3      | Noticed Jessica
  1743 | D:3      | 1743 ||| Stepping ~*~*~tactically~*~*~ (hiding).
  1744 | D:3      | 1744 ||| Stepping ~*~*~tactically~*~*~ (hiding).
  1747 | D:3      | 1747 ||| Stepping ~*~*~tactically~*~*~ (hiding).
  1751 | D:3      | 1751 ||| Stepping ~*~*~tactically~*~*~ (hiding).
  1761 | D:3      | Killed Jessica
  1850 | D:3      | Found a snail-covered altar of Cheibriados.
  2173 | D:3      | Noticed qw's ghost (amateur GrFi)
  2207 | D:3      | Found a runed translucent door.
  2296 | D:3      | 2296 ||| READING scroll labelled YLUZAM MOINAI.
  2380 | D:4      | 2380 ||| Stepping ~*~*~tactically~*~*~ (stealth).
  2381 | D:4      | 2381 ||| Stepping ~*~*~tactically~*~*~ (stealth).
  2387 | D:4      | Reached skill level 6 in Axes
  2440 | D:4      | 2440 ||| Stepping ~*~*~tactically~*~*~ (stealth).
  2731 | D:4      | 2731 ||| DROPPING +0 mace.
  2873 | D:4      | Found a shimmering blue altar of Sif Muna.
  2883 | D:4      | Reached XP level 7. HP: 43/43 MP: 7/7
  3013 | D:5      | Entered Level 5 of the Dungeon
  3355 | D:5      | Reached skill level 7 in Axes
  3569 | D:5      | Reached skill level 1 in Throwing
  3605 | D:5      | 3605 ||| READING scroll labelled YZAZIPU JOISTYD.
  3614 | D:5      | 3614 ||| DRINKING 5 murky silvery potions.
  3615 | D:5      | 3615 ||| READING 3 scrolls of identify.
  3615 | D:5      | 3615 ||| IDENTIFYING viscous white potion
  3616 | D:5      | 3616 ||| READING 2 scrolls of identify.
  3616 | D:5      | 3616 ||| IDENTIFYING black potion
  3730 | D:6      | Reached XP level 8. HP: 49/49 MP: 8/8
  3755 | D:6      | 3755 ||| Stepping ~*~*~tactically~*~*~ (hiding).
  3758 | D:6      | 3758 ||| Stepping ~*~*~tactically~*~*~ (hiding).
  3759 | D:6      | 3759 ||| Stepping ~*~*~tactically~*~*~ (hiding).
  3760 | D:6      | 3760 ||| Stepping ~*~*~tactically~*~*~ (hiding).
  3761 | D:6      | 3761 ||| Stepping ~*~*~tactically~*~*~ (hiding).
  3843 | D:6      | Reached skill level 1 in Dodging
  3844 | D:6      | 3844 ||| Stepping ~*~*~tactically~*~*~ (hiding).
  3847 | D:6      | 3847 ||| Stepping ~*~*~tactically~*~*~ (hiding).
  3870 | D:6      | 3870 ||| Stepping ~*~*~tactically~*~*~ (stealth).
  3872 | D:6      | 3872 ||| Stepping ~*~*~tactically~*~*~ (hiding).
  4684 | D:6      | Found a staircase to the Ecumenical Temple.
  4685 | D:6      | 4685 ||| PLANNING TEMPLE
  4685 | D:6      | 4685 ||| UPGRADING to +6 ring of dexterity.
  4686 | D:6      | 4686 ||| READING scroll labelled OXOUTAMERA.
  4687 | D:6      | 4687 ||| READING scroll labelled QEBRIHILIQU.
  4688 | D:6      | 4688 ||| DRINKING 2 fizzy brown potions.
  4697 | Temple   | Entered the Ecumenical Temple
  4738 | Temple   | 4738 ||| PLANNING OKAWARU WORSHIP
  4828 | Temple   | Became a worshipper of Warmaster Okawaru
  4829 | Temple   | 4829 ||| PLANNING D:1-11
  5045 | D:7      | 5045 ||| STAIRDANCE
  5051 | D:6      | Reached skill level 8 in Axes
  5095 | D:7      | 5095 ||| Stepping ~*~*~tactically~*~*~ (stealth).
  5097 | D:7      | 5097 ||| Stepping ~*~*~tactically~*~*~ (hiding).
  5109 | D:7      | 5109 ||| DRINKING 2 potions of curing.
  5109 | D:7      | 5109 ||| (to cure confusion)
  5116 | D:7      | Reached skill level 6 in Fighting
  5161 | D:7      | 5161 ||| Stepping ~*~*~tactically~*~*~ (stealth).
  5172 | D:7      | Reached * piety under Okawaru
  5177 | D:7      | Reached skill level 1 in Invocations
  5181 | D:7      | 5181 ||| Stepping ~*~*~tactically~*~*~ (stealth).
  5243 | D:7      | Reached XP level 9. HP: 54/55 MP: 10/10
  5248 | D:7      | 5248 ||| INVOKING Heroism.
  5275 | D:7      | 5275 ||| Stepping ~*~*~tactically~*~*~ (stealth).
  5277 | D:7      | 5277 ||| Stepping ~*~*~tactically~*~*~ (hiding).
  5280 | D:7      | 5280 ||| INVOKING Heroism.
  5425 | D:7      | Found a flagged portal.
  5543 | D:7      | You fall into a shaft and drop 1 floor!
  5575 | D:8      | 5575 ||| Stepping ~*~*~tactically~*~*~ (hiding).
  5580 | D:8      | 5580 ||| Stepping ~*~*~tactically~*~*~ (stealth).
  5590 | D:8      | 5590 ||| INVOKING Heroism.
  5596 | D:8      | Reached skill level 9 in Axes
  5640 | D:8      | 5640 ||| INVOKING Heroism.
  5711 | D:8      | Noticed a hornet
  5715 | D:8      | Killed a hornet
  5730 | D:8      | Found a sacrificial altar of Ru.
  5730 | D:8      | Found a stormy altar of Qazlal.
  5754 | D:8      | 5754 ||| Stepping ~*~*~tactically~*~*~ (stealth).
  5771 | D:8      | Reached skill level 3 in Invocations
  5812 | D:8      | 5812 ||| Stepping ~*~*~tactically~*~*~ (stealth).
  5818 | D:8      | 5818 ||| INVOKING Heroism.
  5885 | D:8      | 5885 ||| INVOKING Heroism.
  5911 | D:8      | Found a staircase to the Lair.
  5971 | D:8      | Reached ** piety under Okawaru
  5972 | D:8      | Reached skill level 6 in Armour
  5972 | D:8      | Reached XP level 10. HP: 63/63 MP: 13/13
  6142 | D:8      | Found a radiant altar of Vehumet.
  6154 | D:8      | 6154 ||| INVOKING Heroism.
  6180 | D:8      | 6180 ||| UPGRADING to +0 pair of gloves.
  6185 | D:8      | 6185 ||| READING scroll labelled CUSITITYUDD.
  6186 | D:8      | 6186 ||| READING scroll labelled IDEES DOTI.
  6187 | D:8      | 6187 ||| READING scroll labelled NAKLIA QEAT.
  6188 | D:8      | 6188 ||| READING scroll labelled FYDGHO HEPUD.
  6428 | D:7      | 6428 ||| PLANNING LAIR
  6571 | Lair:1   | Entered Level 1 of the Lair of Beasts
  6572 | Lair:1   | 6572 ||| PLANNING GAUNTLET
  6637 | Lair:1   | 6637 ||| Stepping ~*~*~tactically~*~*~ (stealth).
  6639 | Lair:1   | 6639 ||| INVOKING Heroism.
  6654 | Lair:1   | Reached skill level 10 in Axes
  6657 | Lair:1   | 6657 ||| INVOKING Heroism.
  6662 | Lair:1   | Noticed a cane toad
  6678 | Lair:1   | Reached *** piety under Okawaru
  6683 | Lair:1   | Killed a cane toad
  6728 | Lair:1   | Noticed a cane toad
  6729 | Lair:1   | 6729 ||| INVOKING Heroism.
  6738 | Lair:1   | Killed a cane toad
  6739 | Lair:1   | Reached skill level 11 in Axes
  6752 | Lair:1   | Reached **** piety under Okawaru
  6770 | Lair:1   | 6770 ||| Stepping ~*~*~tactically~*~*~ (stealth).
  6774 | Lair:1   | 6774 ||| Stepping ~*~*~tactically~*~*~ (stealth).
  6779 | Lair:1   | 6779 ||| INVOKING Heroism.
  6782 | Lair:1   | Found a gate leading to a gauntlet.
  6785 | Lair:1   | Reached XP level 11. HP: 53/68 MP: 11/14
  6799 | Lair:1   | 6799 ||| UPGRADING to ring of positive energy.
  6800 | Lair:1   | 6800 ||| READING 2 scrolls of identify.
  6800 | Lair:1   | 6800 ||| IDENTIFYING smoky inky potion
  6817 | Gauntlet | Entered a Gauntlet
  6817 | Gauntlet | Noticed a green death
  6817 | Gauntlet | Found a transporter.
  6817 | Gauntlet | Found a transporter.
  6817 | Gauntlet | Found a transporter.
  6818 | Gauntlet | Found a transporter.
  6821 | Gauntlet | Found a transporter.
  6823 | Gauntlet | Found a large runed translucent door.
  6824 | Gauntlet | Found a large runed translucent door.
  6825 | Gauntlet | Found a large runed translucent door.
  6825 | Gauntlet | Found a large runed translucent door.
  6825 | Gauntlet | Found a runed translucent door.
  6826 | Gauntlet | Found a large runed translucent door.
  6827 | Gauntlet | Found a large runed translucent door.
  6828 | Gauntlet | Found a large runed translucent door.
  6828 | Gauntlet | Found a large runed translucent door.
  6829 | Gauntlet | Found a runed translucent gate.
  6830 | Gauntlet | Noticed a large abomination
  6831 | Gauntlet | Found a transporter.
  6833 | Gauntlet | Noticed a worldbinder
  6836 | Gauntlet | Found a runed translucent gate.
  6836 | Gauntlet | Found a transporter.
  6837 | Gauntlet | Found a runed translucent gate.
  6837 | Gauntlet | Found a runed translucent door.
  6840 | Gauntlet | Found a large runed translucent door.
  6840 | Gauntlet | Found a large runed translucent door.
  6841 | Gauntlet | Found a large runed translucent door.
  6842 | Gauntlet | Found a large runed translucent door.
  6844 | Gauntlet | Found a transporter.
  6852 | Gauntlet | Found a transporter.
  6871 | Gauntlet | Found a transporter.
  6877 | Gauntlet | Found a transporter.
  6878 | Gauntlet | Noticed a catoblepas
  6894 | Gauntlet | Found a transporter.
  6977 | Gauntlet | Found a large runed translucent door.
  6977 | Gauntlet | Found a large runed translucent door.
  6978 | Gauntlet | Found a large runed translucent door.
  6979 | Gauntlet | Found a large runed translucent door.
  7018 | Gauntlet | 7018 ||| INVOKING Heroism.
  7032 | Gauntlet | Killed a green death
  7032 | Gauntlet | Received a gift from Okawaru
  7033 | Gauntlet | Reached skill level 9 in Fighting
  7076 | Gauntlet | 7076 ||| UPGRADING to +0 helmet of see invisible.
  7086 | Gauntlet | 7086 ||| DROPPING +0 helmet.
  7087 | Gauntlet | 7087 ||| READING scroll labelled XOFAMU UXIOTU.
  7094 | Gauntlet | 7094 ||| ZAPPING wand of digging (8).
  7095 | Gauntlet | 7095 ||| ZAPPING wand of digging (7).
  7112 | Gauntlet | 7112 ||| INVOKING Heroism.
  7112 | Gauntlet | HP: 12/71 [small abomination (7)]
  7113 | Gauntlet | 7113 ||| DRINKING 4 potions of heal wounds.
  7116 | Gauntlet | Killed a large abomination
  7173 | Gauntlet | Identified the amulet "Xeroonij" {Acrobat Harm Rampage
                  | rElec rN+++}
  7175 | Gauntlet | 7175 ||| DROPPING amulet "Xeroonij" {Acrobat Harm Rampage
                  | rElec rN+++}.
  7186 | Gauntlet | Found the +8 demon trident "Rift" {distort, reach+}
  7186 | Gauntlet | Noticed a minotaur
  7187 | Gauntlet | 7187 ||| INVOKING Heroism.
  7202 | Gauntlet | HP: 16/71 [minotaur's headbutt (13)]
  7203 | Gauntlet | 7203 ||| DRINKING 3 potions of heal wounds.
  7204 | Gauntlet | 7204 ||| INVOKING Heroism.
  7206 | Gauntlet | Killed a minotaur
  7266 | Gauntlet | 7266 ||| INVOKING Heroism.
  7305 | Gauntlet | 7305 ||| INVOKING Heroism.
  7307 | Gauntlet | Reached skill level 3 in Throwing
  7333 | Gauntlet | 7333 ||| READING scroll labelled TAARCH SUZELUINT.
  7334 | Gauntlet | 7334 ||| READING 2 scrolls of identify.
  7334 | Gauntlet | 7334 ||| IDENTIFYING amethyst potion
  7340 | Lair:1   | 7340 ||| PLANNING LAIR
  7368 | Lair:1   | 7368 ||| Stepping ~*~*~tactically~*~*~ (hiding).
  7374 | Lair:1   | 7374 ||| INVOKING Heroism.
  7403 | Lair:1   | 7403 ||| INVOKING Heroism.
  7468 | Lair:1   | Identified the +11 falchion of Acles {heavy, Fly rCorr
                  | Int-2}
  7475 | Lair:1   | 7475 ||| INVOKING Heroism.
  7518 | Lair:1   | Noticed a death yak
  7518 | Lair:1   | Noticed a death yak
  7519 | Lair:1   | 7519 ||| INVOKING Heroism.
  7519 | Lair:1   | Noticed a death yak
  7521 | Lair:1   | Noticed a death yak
  7522 | Lair:1   | Noticed a death yak
  7530 | Lair:1   | Killed a death yak
  7534 | Lair:1   | Killed a death yak
  7536 | Lair:1   | Killed a death yak
  7537 | Lair:1   | Reached skill level 6 in Invocations
  7538 | Lair:1   | HP: 16/71 [death yak (9)]
  7539 | Lair:1   | 7539 ||| READING 3 scrolls of teleportation.
  7543 | Lair:1   | 7543 ||| DRINKING 2 potions of heal wounds.
  7607 | Lair:1   | 7607 ||| INVOKING Heroism.
  7608 | Lair:1   | 7608 ||| Stepping ~*~*~tactically~*~*~ (stealth).
  7621 | Lair:1   | Killed a death yak
  7627 | Lair:1   | Killed a death yak
  7627 | Lair:1   | Reached ***** piety under Okawaru
  7628 | Lair:1   | Reached skill level 12 in Axes
  7743 | Lair:1   | 7743 ||| Stepping ~*~*~tactically~*~*~ (stealth).
  7744 | Lair:1   | 7744 ||| Stepping ~*~*~tactically~*~*~ (stealth).
  7748 | Lair:1   | Reached XP level 12. HP: 76/76 MP: 17/17
  7757 | Lair:1   | Noticed a catoblepas
  7758 | Lair:1   | 7758 ||| INVOKING Heroism.
  7762 | Lair:1   | 7762 ||| INVOKING Finesse.
  7763 | Lair:1   | 7763 ||| INVOKING Finesse.
  7773 | Lair:1   | Killed a catoblepas
  7773 | Lair:1   | Identified the +0 ring mail "Fapteuhu" {rN++ Str-5 Dex+5}
                  | (Okawaru gifted it to you on level 1 of the Lair of Beasts)
  7773 | Lair:1   | Received a gift from Okawaru
  7920 | Lair:1   | 7920 ||| Stepping ~*~*~tactically~*~*~ (stealth).
  7930 | Lair:1   | Reached skill level 3 in Dodging
  7948 | Lair:1   | 7948 ||| INVOKING Heroism.
  7960 | Lair:1   | Reached skill level 6 in Shields
  8005 | Lair:1   | 8005 ||| Stepping ~*~*~tactically~*~*~ (hiding).
  8007 | Lair:1   | 8007 ||| Stepping ~*~*~tactically~*~*~ (hiding).
  8314 | Lair:1   | 8314 ||| READING scroll labelled EDASHR GUGI.
  8347 | Lair:2   | 8347 ||| Stepping ~*~*~tactically~*~*~ (stealth).
  8348 | Lair:2   | 8348 ||| Stepping ~*~*~tactically~*~*~ (stealth).
  8447 | Lair:2   | 8447 ||| Stepping ~*~*~tactically~*~*~ (stealth).
  8453 | Lair:2   | 8453 ||| Stepping ~*~*~tactically~*~*~ (stealth).
  8455 | Lair:2   | 8455 ||| Stepping ~*~*~tactically~*~*~ (stealth).
  8537 | Lair:2   | 8537 ||| INVOKING Heroism.
  8608 | Lair:2   | Noticed a seven-headed hydra
  8610 | Lair:2   | 8610 ||| INVOKING Heroism.
  8612 | Lair:2   | 8612 ||| SWAPPING to +0 flail.
  8613 | Lair:2   | 8613 ||| SWAPPING to +1 war axe of electrocution.
  8614 | Lair:2   | 8614 ||| SWAPPING to +0 flail.
  8615 | Lair:2   | 8615 ||| SWAPPING to +1 war axe of electrocution.
  8616 | Lair:2   | 8616 ||| SWAPPING to +0 flail.
  8617 | Lair:2   | 8617 ||| SWAPPING to +1 war axe of electrocution.
  8618 | Lair:2   | 8618 ||| SWAPPING to +0 flail.
  8619 | Lair:2   | 8619 ||| SWAPPING to +1 war axe of electrocution.
  8620 | Lair:2   | 8620 ||| SWAPPING to +0 flail.
  8621 | Lair:2   | 8621 ||| SWAPPING to +1 war axe of electrocution.
  8622 | Lair:2   | 8622 ||| SWAPPING to +0 flail.
  8623 | Lair:2   | 8623 ||| SWAPPING to +1 war axe of electrocution.
  8624 | Lair:2   | 8624 ||| SWAPPING to +0 flail.
  8625 | Lair:2   | 8625 ||| SWAPPING to +1 war axe of electrocution.
  8626 | Lair:2   | 8626 ||| SWAPPING to +0 flail.
  8627 | Lair:2   | 8627 ||| SWAPPING to +1 war axe of electrocution.
  8628 | Lair:2   | 8628 ||| SWAPPING to +0 flail.
  8629 | Lair:2   | 8629 ||| SWAPPING to +1 war axe of electrocution.
  8630 | Lair:2   | 8630 ||| SWAPPING to +0 flail.
  8631 | Lair:2   | 8631 ||| SWAPPING to +1 war axe of electrocution.
  8632 | Lair:2   | 8632 ||| SWAPPING to +0 flail.
  8632 | Lair:2   | HP: 14/76 [seven-headed hydra (9)]
  8633 | Lair:2   | 8633 ||| READING 2 scrolls of teleportation.
  8633 | Lair:2   | Slain by a seven-headed hydra

Levels and vault maps discovered:
D:1:      dpeg_arrival_castle, layout_loops_cross
D:2:      layout_rooms, supply_closet_lemuel, uniq_crazy_yiuf_cottage,
          uniq_robin
D:3:      layout_basic, mainiacjoe_overflow_surrounded_room,
          ebering_ghost_sewer_f, minivault_26, uniq_jessica, uniq_grinder
D:4:      layout_basic, overflow_temple_1_default
D:5:      layout_loops_ring
D:6:      layout_basic, temple_hall
D:7:      layout_loops_ring, enter_bailey_3, minivault_23
D:8:      layout_gridville, gammafunk_temple_overflow_pools,
          mainiacjoe_overflow_catwalk, erik_lair_dragon
Temple:   nicolae_temple_superstar
Lair:1:   layout_chaotic_city, gauntlet_entry_generic, worms_lemuel,
          serial_bayou_shore_b, grunt_megastairs_5, infiniplex_staircase_pool_2
Lair:2:   layout_regular_city, beast_lair_carwin_11, uniq_prince_ribbit2

Skill      XL: |  1  2  3  4  5  6  7  8  9 10 11 12 |
---------------+-------------------------------------+-----
Axes           | 2 3 5 6 7 8 9 11 12 | 12.0
Fighting       | 4 5 6 7 8 9 |  9.3
Armour         | 4 5 6 7 8 |  8.9
Throwing       | 1 2 3 |  3.2
Dodging        | 1 2 3 |  3.0
Invocations    | 2 4 7 8 |  8.6
Shields        | 4 5 6 |  6.0

Action                     |  1- 3 |  4- 6 |  7- 9 | 10-12 || total
---------------------------+-------+-------+-------+-------++-------
  Melee: War axe           |   125 |   166 |   226 |   297 ||   814
  Throw: Boomerang         |       |     6 |    25 |    11 ||    42
         Javelin           |       |       |    56 |    42 ||    98
 Invoke: Heroism           |       |       |     6 |    20 ||    26
         Finesse           |       |       |       |     1 ||     1
  Evoke: Wand              |       |       |       |     2 ||     2
    Use: Scroll            |     3 |     1 |     5 |    11 ||    20
         Potion            |       |     2 |     3 |     3 ||     8
 Armour: Scale mail        |    42 |       |       |       ||    42
         Plate armour      |    35 |   112 |   138 |   172 ||   457
  Dodge: Dodged            |    63 |    31 |    55 |    92 ||   241
  Block: Buckler           |    24 |    28 |    38 |    64 ||   154

Table legend:
 A = Non-vault XP
 B = Vault XP
 C = Vault XP percentage of total XP
 D = Non-vault monster count
 E = Vault monster count
 F = Vault count percentage of total count
                 A         B        C        D         E       F
            +---------+---------+-------+---------+---------+-------
      Total |   16043 |    7353 |  31.4 |     197 |      44 |  18.3
            +---------+---------+-------+---------+---------+-------
        D:1 |      59 |       8 |  11.9 |      34 |       4 |  10.5
        D:2 |      33 |      29 |  46.8 |      10 |       9 |  47.4
        D:3 |      52 |     314 |  85.8 |      12 |       2 |  14.3
        D:4 |     314 |       0 |   0.0 |      23 |       0 |   0.0
        D:5 |     382 |       0 |   0.0 |       7 |       0 |   0.0
        D:6 |     587 |       0 |   0.0 |      16 |       0 |   0.0
        D:7 |     963 |       7 |   0.7 |      36 |       4 |  10.0
        D:8 |    1538 |     956 |  38.3 |      19 |       5 |  20.8
     Lair:1 |   10360 |    1651 |  13.7 |      32 |       7 |  17.9
     Lair:2 |    1755 |     439 |  20.0 |       8 |       3 |  27.3
   Gauntlet |       0 |    3949 | 100.0 |       0 |      10 | 100.0
            +---------+---------+-------+---------+---------+-------
